 Dungeon Crawl Stone Soup version 0.18-a0-1060-g4fac74f (webtiles) character file.

57 namelastname112 the Sneak (level 3, -3/27 HPs)
             Began as a Draconian Wizard on Jan 12, 2016.
             Slain by a hobgoblin (4 damage)
             ... led by Robin
             ... on level 2 of the Dungeon.
             The game lasted 00:03:45 (2261 turns).

namelastname112 the Sneak (Draconian Wizard)        Turns: 2261, Time: 00:03:46

Health: -3/27      AC:  6    Str:  9    XL:     3   Next: 73%
Magic:  7/7        EV: 12    Int: 18    God:
Gold:   73         SH:  0    Dex: 10    Spells: 1 memorised, 7 levels left

rFire  . . .     SeeInvis .     g - +0 dagger
rCold  . . .     Gourm    .     (armour unavailable)
rNeg   . . .     Faith    .     (no shield)
rPois  .         Spirit   .     a - +0 hat
rElec  .         Dismiss  .     (no cloak)
rCorr  .         Reflect  .     h - +0 pair of gloves (curse)
SustAt .         Harm     .     (no boots)
MR     .....                    n - amulet of magic regeneration
Stlth  ++........               (no ring)
                                (no ring)

@: not resistant to hostile enchantments, unstealthy
A: unfitting armour, cold-blooded, AC +5
a: no special abilities


You were on level 2 of the Dungeon.
You were not hungry.

You visited 1 branch of the dungeon, and saw 2 of its levels.

You collected 73 gold pieces.

Inventory:

Hand Weapons
 g - a +0 dagger (weapon)
Armour
 a - a +0 hat (worn)
 h - a cursed +0 pair of gloves (worn)
Jewellery
 n - an amulet of magic regeneration (around neck)
Wands
 l - a wand of digging (8/24)
Scrolls
 e - 3 scrolls of remove curse {unknown}
 f - 2 scrolls of identify {unknown}
Potions
 j - a potion of curing {unknown}
 k - a potion of lignification {unknown}
 m - a potion of poison {unknown}
Books
 b - a book of Minor Magic

   Spells                             Type                      Level
   a - Magic Dart                     Conjuration                  1
   b - Blink                          Translocation                2
   c - Call Imp                       Summoning                    2
   d - Repel Missiles                 Charms/Air                   2
   e - Slow                           Hexes                        2
   f - Conjure Flame                  Conjuration/Fire             3
   g - Mephitic Cloud                 Conjuration/Poison/Air       3
Comestibles
 c - a bread ration
 i - a beef jerky


   Skills:
 + Level 0.4 Fighting
 * Level 1.4 Short Blades
 + Level 2.1 Dodging
 * Level 3.2 Stealth
 - Level 3.0 Spellcasting
 - Level 1.0 Conjurations
   Level 1.0 Summonings
   Level 1.0 Translocations


You had 7 spell levels left.
You knew the following spells:

 Your Spells              Type           Power        Failure   Level  Hunger
z - Magic Dart            Conj           #...         12%         1    None


Dungeon Overview and Level Annotations

Branches:
Dungeon (2/15)

Altars:
Xom

Annotations:
D:2 Robin


Innate Abilities, Weirdness & Mutations

Your plain brown scales are hard (AC +5).
Your body does not fit into most forms of armour.
You are cold-blooded and may be slowed by cold attacks.


Message History

Robin throws the goblin at you!
* * * LOW HITPOINT WARNING * * *
Things that are here:
a club; a goblin corpse You hit the goblin.
The goblin is moderately wounded.
The goblin hits you but does no damage. The goblin closely misses you.
The hobgoblin completely misses you. Robin hits you but does no damage.
You hit the goblin but do no damage.
The goblin is moderately wounded.
The goblin closely misses you. The goblin barely misses you.
The hobgoblin hits you.
* * * LOW HITPOINT WARNING * * *
You hit the goblin.
You kill the goblin!
Robin roars a battlecry!
The hobgoblin goes into a battle-frenzy!
Robin barely misses you. The goblin hits you but does no damage.
The hobgoblin hits you.
You die...

#.####.............##.###.###.##
#..........................(.....
#.####.............##.###.###.##.
#.####.###..#.####.##.# #.# #.##.
#...........(.......#.# #.# #.##.
.......###...#.###.##.###.###.##.
..#.##.# #...#.###.##.#..........
# #. #.###...#.g##.##.###.###.##.
. ..........g@(............... .
#####...##g.#....#.#.###.##. #.
#.................##.##.
##..##.........#..##.##.
#..##.#.......#..#####.
..................#####. #
.....................
.....................
.#.....).....)....


You could see Robin, a hobgoblin (frenzied) and a goblin (frenzied).

Vanquished Creatures
  An adder (D:2)
  2 oozes (D:2)
  A ball python (D:2)
  A giant cockroach (D:2)
  7 goblins
  6 hobgoblins
  7 jackals
  3 kobolds
  3 bats (D:2)
  A giant newt (D:2)
  2 rats
34 creatures vanquished.

Notes
Turn   | Place    | Note
--------------------------------------------------------------
     0 | D:1      | namelastname112 the Draconian Wizard began the quest for the Orb.
     0 | D:1      | Reached XP level 1. HP: 14/14 MP: 4/4
   401 | D:1      | Found a shimmering altar of Xom.
   664 | D:1      | Reached XP level 2. HP: 4/20 MP: 0/6
  1023 | D:2      | Reached skill level 1 in Short Blades
  1418 | D:2      | Reached XP level 3. HP: 27/27 MP: 4/7
  1884 | D:2      | Noticed Robin
  2258 | D:2      | HP: 1/27 [Robin/goblin (1)]
  2261 | D:2      | Slain by a hobgoblin

Vault maps used:
D:1:      minmay_arrival_five_plusses, st_stairs_14, xom_teletrap_fun
D:2:      uniq_robin

Action                   || total
-------------------------++-------
Melee: Dagger            ||   169
 Cast: Magic Dart        ||    50
  Eat: Chunk             ||     2
       Meat ration       ||     1
